 Dungeon Crawl Stone Soup version 0.27.1-34-g3ba077fa99 (webtiles) character file.

Game seed: 2309209691448150361

5866 alasdair19 the Carver (level 10, -2/89 HPs)
             Began as a Minotaur Fighter on Jan 14, 2022.
             Was a Believer of Okawaru.
             Killed by divine providence
             ... invoked by a meliai
              (15 damage)
             ... on level 9 of the Dungeon.
             The game lasted 00:29:57 (7068 turns).

alasdair19 the Carver (Minotaur Fighter)            Turns: 7068, Time: 00:29:58

Health: -2/89      AC: 16    Str: 29    XL:     10   Next: 52%
Magic:  9/9        EV:  7    Int:  6    God:    Okawaru [**....]
Gold:   198        SH: 13    Dex: 10    Spells: 9/9 levels left

rFire    . . .     SeeInvis .   e - +2 falchion (holy)
rCold    . . .     Faith    .   c - +1 kite shield
rNeg     . . .     Spirit   .   k - +0 plate armour
rPois    .         Reflect  .   (helmet restricted)
rElec    .         Harm     .   (no cloak)
rCorr    .         Rampage  .   u - +0 pair of gloves
Will     .....                  b - +0 pair of boots
Stlth    ..........             i - amulet of regeneration
HPRegen  1.24/turn              w - +6 ring of strength
MPRegen  0.11/turn              (no ring)

@: no status effects
A: horns 2, retaliatory headbutt
a: Renounce Religion, Heroism


You were on level 9 of the Dungeon.
You worshipped Okawaru.
Okawaru was pleased with you.
You visited 2 branches of the dungeon, and saw 10 of its levels.
You also visited: Sewer.

You collected 1379 gold pieces.
You spent 1181 gold pieces at shops.

Inventory:

Hand Weapons
 e - a +2 falchion of holy wrath (weapon)
 q - a +0 hand crossbow of flaming
 C - a +1 long sword of draining
Missiles
 h - 42 poisoned darts (quivered)
 y - 41 bolts
Armour
 b - a +0 pair of boots (worn)
 c - a +1 kite shield (worn)
 k - a +0 plate armour (worn)
 u - a +0 pair of gloves (worn)
Jewellery
 i - an amulet of regeneration (around neck)
 j - an amulet of reflection
 w - a +6 ring of strength (left hand)
Wands
 l - a wand of iceblast (10)
 x - a wand of digging (6)
 z - a wand of paralysis (9)
 B - a wand of acid (9)
Scrolls
 a - 3 scrolls of magic mapping
 f - 5 scrolls of teleportation
 m - a scroll of acquirement
 s - a scroll of blinking
 D - a scroll of fear {unknown}
 F - a scroll of enchant armour
 I - a scroll of amnesia
Potions
 d - a potion of experience
 g - 2 potions of curing
 n - a potion of invisibility
 o - 4 potions of heal wounds
 p - 2 potions of haste
 r - a potion of brilliance
 t - a potion of cancellation
 v - 3 potions of flight
 A - a potion of resistance
 E - 2 potions of ambrosia {unknown}


   Skills:
 + Level 8.3 Fighting
 + Level 10.4 Long Blades
 + Level 6.5 Crossbows
 + Level 0.3 Throwing
 + Level 8.4 Armour
 - Level 2.3 Dodging
 + Level 9.8 Shields


You had 9 spell levels left.
You didn't know any spells.
Your spell library contained the following spells:

 Spells                   Type           Power      Damage    Failure   Level
 Apportation              Tloc           0%         N/A       100%        1
 Foxfire                  Conj/Fire      0%         2x1d4     100%        1
 Shock                    Conj/Air       0%         1d3       100%        1
 Conjure Flame            Conj/Fire      0%         6-21      100%        3
 Inner Flame              Hex/Fire       0%         N/A       100%        3
 Swiftness                Air            0%         N/A       100%        3
 Airstrike                Air            0%         N/A       100%        4
 Alistair's Intoxication  Tmut/Pois      0%         N/A       100%        5
 Invisibility             Hex            0%         N/A       100%        6


Dungeon Overview and Level Annotations

Branches:
Dungeon (9/15)             Temple (1/1) D:7            Lair (0/6) D:8
  Sewer (visited)
    Orc: D:9-12

Altars:
Cheibriados
Dithmenos
Elyvilon
Fedhas
Gozag
Okawaru
Qazlal
Ru
Sif Muna
Trog
Uskayaw
Xom
Yredelemnul
Zin
The Shining One

Shops:
D:3 ([:   D:5 ?


Innate Abilities, Weirdness & Mutations

You have a pair of horns on your head.
You reflexively headbutt those who attack you in melee.


Message History

You hit the killer bee. Your headbutt misses the killer bee.
The killer bee is moderately wounded.
You block the killer bee's attack. The killer bee closely misses you.
You riposte.
You hit the killer bee.
The killer bee is moderately wounded.
The meliai mumbles some strange prayers to its god against you.
Something smites you! You block the killer bee's attack.
You hear a shout!
You miss the killer bee. Your headbutt misses the killer bee.
The killer bee is moderately wounded.
You feel yourself speed up. You block the killer bee's attack. x2
An orc warrior comes into view. It is wielding a +0 hand axe.
The meliai invokes the aid of its god against you.
Something smites you! You block the killer bee's attack. x2
The meliai mumbles some strange prayers to its god against you.
Something smites you! You block the killer bee's attack.
You block the killer bee's attack.
The killer bee stings you but does no damage.
You block the killer bee's attack. The meliai hits you but does no damage.
The meliai completely misses you.
The meliai mumbles some strange prayers to its god against you.
Something smites you! The killer bee barely misses you.
The meliai mumbles some strange prayers to its god against you.
Something smites you! The killer bee closely misses you.
You furiously retaliate!
You headbutt the killer bee!
You kill the killer bee!
Okawaru accepts your kill.
The meliai invokes the aid of its god against you.
Something smites you!
The meliai invokes the aid of its god against you.
Something smites you!
* * * LOW HITPOINT WARNING * * *
The meliai invokes the aid of its god against you.
Something smites you!
* * * LOW HITPOINT WARNING * * *
Something appears at your feet! You block the meliai's attack. x2
The meliai invokes the aid of its god against you.
Something smites you!
You die...

####### #.....# #.....#
#.....# .. #.....#### ...
###........###############...
.............................
.......<....@y...............
.................).o.........
.............................
..######.....................
. #.....................
#.....................
#.....######'####.....
#.....#.........#.....
#.....#.........#.....


You could see an orc warrior and a meliai.

Vanquished Creatures
  Pikel (D:5)
  A komodo dragon (D:8)
  A hornet (D:8)
  Grinder (D:3)
  2 shadows
  A vampire (D:8)
  A yak (D:8)
  4 steam dragons
  4 water moccasins
  3 orc warriors
  A sky beast (D:7)
  2 black bears
  A necrophage (D:6)
  3 ogres
  A centaur (D:8)
  2 kobold brigands
  6 bullfrogs
  Blork the orc (D:4)
  A scorpion (D:6)
  A wyvern skeleton (D:7)
  5 killer bees
  4 howler monkeys
  4 wights (D:8)
  A centaur zombie (D:7)
  5 orc priests
  2 bullfrog skeletons
  A jelly (D:5)
  A bullfrog zombie (D:6)
  A centaur skeleton (D:5)
  A gnoll shaman (D:7)
  5 hounds
  3 iguanas
  Jessica (D:3)
  Ijyb (D:4)
  5 orc wizards
  Natasha (D:3)
  A howler monkey zombie (D:8)
  5 gnolls (D:7)
  7 adders (Sewer)
  7 river rats
  A white imp (D:8)
  An ufetubus (D:5)
  An adder skeleton (D:4)
  3 worms
  4 dart slugs
  12 orcs
  17 ball pythons
  A bat (D:1)
  12 endoplasms
  4 giant cockroaches
  9 goblins
  5 hobgoblins
  4 jackals (D:4)
  4 quokkas
  3 frilled lizards
  8 kobolds
  31 rats
219 creatures vanquished.

Vanquished Creatures (others)
  39 fungi (D:8)
  31 plants (D:8)
70 creatures vanquished.

Grand Total: 289 creatures vanquished

Notes
Turn   | Place    | Note
-------+----------+-------------------------------------------
     0 | D:1      | alasdair19 the Minotaur Fighter began the quest for the
                  | Orb.
     0 | D:1      | Reached XP level 1. HP: 19/19 MP: 0/0
    12 | D:1      | Found a faded altar of an unknown god.
   290 | D:1      | Reached XP level 2. HP: 27/27 MP: 1/1
   930 | D:2      | Reached XP level 3. HP: 33/33 MP: 2/2
   935 | D:2      | You fall into a shaft and drop 1 floor!
   940 | D:3      | Found Duerar's Antique Armour Shop.
   940 | D:3      | Noticed Jessica
   949 | D:3      | Killed Jessica
   950 | D:3      | Reached skill level 3 in Long Blades
   980 | D:3      | Reached XP level 4. HP: 41/41 MP: 3/3
  1104 | D:3      | Found a glowing drain.
  1135 | Sewer    | Entered a sewer
  1257 | Sewer    | Reached XP level 5. HP: 37/47 MP: 4/4
  1359 | Sewer    | Reached skill level 1 in Dodging
  1371 | Sewer    | Reached skill level 4 in Long Blades
  1527 | Sewer    | Reached skill level 5 in Fighting
  1527 | Sewer    | Reached skill level 5 in Armour
  1527 | Sewer    | Reached XP level 6. HP: 35/56 MP: 5/5
  1529 | Sewer    | Reached skill level 5 in Shields
  1597 | D:3      | Identified 2 scrolls of acquirement
  1597 | D:3      | Acquired 939 gold pieces
  1698 | D:3      | Found Doni's Book Shop.
  1799 | D:3      | Bought a pair of boots for 139 gold pieces
  1799 | D:3      | Bought a pair of gloves for 139 gold pieces
  1817 | D:3      | Noticed Grinder
  1836 | D:3      | Killed Grinder
  1837 | D:3      | Reached skill level 5 in Long Blades
  1837 | D:3      | Reached XP level 7. HP: 55/61 MP: 6/6
  1855 | D:3      | Found Teir's Antique Weapon Shop.
  1924 | D:3      | Noticed Natasha
  1926 | D:3      | Killed Natasha
  2677 | D:4      | Noticed Blork the orc
  2683 | D:4      | Killed Blork the orc
  2718 | D:4      | Reached skill level 1 in Crossbows
  2746 | D:4      | Noticed Ijyb
  2754 | D:4      | Killed Ijyb
  3164 | D:5      | Entered Level 5 of the Dungeon
  3209 | D:5      | Reached skill level 6 in Long Blades
  3234 | D:5      | Noticed Pikel
  3247 | D:5      | Killed Pikel
  3248 | D:5      | Reached XP level 8. HP: 66/70 MP: 7/7
  3314 | D:5      | Reached skill level 7 in Long Blades
  3393 | D:5      | Found Buchiextuf's Magic Scroll Shop.
  3396 | D:5      | Bought a scroll of blinking for 97 gold pieces
  3396 | D:5      | Bought 3 scrolls of identify for 78 gold pieces
  3441 | D:5      | Bought a scroll of identify for 26 gold pieces
  3441 | D:5      | Bought a scroll of identify for 26 gold pieces
  3441 | D:5      | Bought a scroll of acquirement for 676 gold pieces
  4079 | D:6      | Reached skill level 5 in Crossbows
  4132 | D:6      | Reached XP level 9. HP: 79/79 MP: 8/8
  4192 | D:6      | Found a glowing golden altar of the Shining One.
  4202 | D:6      | Found a shimmering altar of Xom.
  4202 | D:6      | Found a shadowy altar of Dithmenos.
  4202 | D:6      | Found a stormy altar of Qazlal.
  4202 | D:6      | Found a sacrificial altar of Ru.
  4203 | D:6      | Found a basalt altar of Yredelemnul.
  4204 | D:6      | Found a blossoming altar of Fedhas.
  4206 | D:6      | Found a bloodstained altar of Trog.
  4402 | D:6      | Reached skill level 8 in Long Blades
  4884 | D:7      | Found a staircase to the Ecumenical Temple.
  4900 | Temple   | Entered the Ecumenical Temple
  4985 | Temple   | Became a worshipper of Warmaster Okawaru
  5449 | D:7      | Reached skill level 9 in Long Blades
  5676 | D:8      | Found a hide-covered altar of Uskayaw.
  5730 | D:8      | Reached * piety under Okawaru
  5731 | D:8      | Reached XP level 10. HP: 86/88 MP: 9/9
  6124 | D:8      | Reached ** piety under Okawaru
  6125 | D:8      | Reached skill level 10 in Long Blades
  6491 | D:8      | Found a staircase to the Lair.
  7012 | D:9      | Identified the +5 scimitar of Offence {flame, rElec Dex+2
                  | Stlth+}
  7068 | D:9      | Acquired a ring of protection from cold
  7068 | D:9      | Killed from afar by a meliai

Illustrated notes

Levels and vault maps discovered:
D:1:      minmay_arrival_shattered_statue, layout_basic,
          dreamdust_ecumenical_altar_grove, nrook_mini_backslash,
          kennysheep_decorative_pillar, corexii_item_surrounded_by_moat
D:2:      layout_rooms, corner_web_ring
D:3:      layout_loops_ring, serial_shops, shop, nicolae_shop_stone,
          nicolae_shop_trees, portal_sewer_entry_e, serial_bayou_pond_d,
          uniq_natasha, uniq_grinder, uniq_jessica
D:4:      layout_layer_cave, uniq_ijyb, uniq_blork_the_orc
D:5:      layout_basic, serial_shops, shop, kennysheep_generic_room_7,
          uniq_pikel
D:6:      layout_rooms, minitemple
D:7:      layout_basic, minmay_temple_entry_trees, serial_rivers,
          chequers_serial_rivers_room_b, chequers_serial_rivers_micro_a,
          chequers_serial_rivers_room_b, chequers_serial_rivers_large_b
D:8:      layout_basic, old_standard_altar, due_lair_maze_entry_diamond,
          kennysheep_generic_room_10
D:9:      minmay_the_grid_triangle_9x9_recursive_2_mashed
          [minmay_the_grid_triangle_9x9_prize_center,
          minmay_the_grid_triangle_9x9_minimal,
          minmay_the_grid_triangle_9x9_thin_v,
          minmay_the_grid_triangle_9x9_checkered], layout_irregular_city,
          minmay_misc_feat_x, hex_medium
Temple:   oiseaux_autumnal_temple

Skill      XL: |  1  2  3  4  5  6  7  8  9 10 |
---------------+-------------------------------+-----
Armour         | 4 5 6 7 8 |  8.4
Shields        | 4 5 6 8 9 |  9.8
Fighting       | 4 5 6 7 8 |  8.3
Long Blades    | 3 4 5 6 7 9 10 | 10.4
Dodging        | 1 2 |  2.3
Crossbows      | 3 5 6 |  6.5
Throwing       | |  0.3

Action                   |  1- 3 |  4- 6 |  7- 9 | 10-12 || total
-------------------------+-------+-------+-------+-------++-------
Melee: Long sword        |    56 |   153 |   192 |       ||   401
       Headbutt          |     7 |    24 |    58 |    28 ||   117
       Falchion          |       |       |    44 |   137 ||   181
 Fire: Hand crossbow     |       |       |    75 |    10 ||    85
Throw: Dart              |       |       |     3 |       ||     3
  Use: Scroll            |     1 |     7 |    14 |     4 ||    26
       Potion            |     1 |     2 |       |     1 ||     4
Armor: Scale mail        |    17 |    80 |       |       ||    97
       Chain mail        |       |     2 |    85 |       ||    87
       Plate armour      |       |       |     9 |    51 ||    60
Dodge: Dodged            |    21 |    71 |    43 |    27 ||   162
Block: Kite shield       |    27 |   102 |   148 |   138 ||   415
       Reflection        |       |       |       |     4 ||     4
       Rpst.: Long sword |     2 |    22 |    16 |       ||    40
       Falchion          |       |       |     3 |     6 ||     9
